 Dungeon Crawl Stone Soup version 0.31.0-32-g396128a36d (webtiles) character file.

Game seed: 14778679751874230673

2559 Thornthrall the Ruffian (level 9, -5/47 (50) HPs)
             Began as a Vine Stalker Shapeshifter on Mar 30, 2024.
             Was an Initiate of Gozag.
             Slain by Joseph
             ... wielding a +0 quarterstaff
              (17 damage)
             ... on level 7 of the Dungeon.
             The game lasted 00:09:50 (7211 turns).

Thornthrall the Ruffian (Vine Stalker Shapeshifter) Turns: 7211, Time: 00:09:51

HP:   -5/47 (50)    AC:  1    Str: 21    XL:     9   Next: 56%
MP:   0/10          EV: 16    Int: 10    God:    Gozag
Gold: 702           SH:  0    Dex: 14    Spells: 8/8 levels left

rFire   . . .        a - melded +2 dagger (venom)
rCold   + . .        (shield currently unavailable)
rNeg    . . .        f - melded +0 ring mail
rPois   .            (no helmet)
rElec   .            (no cloak)
rCorr   .            q - +0 pair of gloves
SInv    +            (no boots)
Will    +....        (no amulet)
Stlth   +            v - ring of see invisible
HPRegen 1.07/turn    C - ring of protection from cold
MPRegen 0.12/turn

%: guardian spirit
@: flux-form, glowing, drained
A: glow, contaminating, fangs 3, regeneration 1, magic shield, antimagic bite,
no potion heal 2
a: Begin Untransformation, Renounce Religion, Potion Petition, Call Merchant,
Bribe Branch


You were on level 7 of the Dungeon.
You worshipped Gozag.
Gozag was pleased with you.
You were something dangerously unstable.
You visited 2 branches of the dungeon, and saw 8 of its levels.

You collected 779 gold pieces.
You paid 77 gold pieces to Gozag.


Innate Abilities, Weirdness & Mutations

You are something dangerously unstable.
You glow with magical radiation, making you easy to see and hit.
Foes you strike become dangerously contaminated with magical radiation.
You are incapable of wielding weapons or throwing items.
You have razor-sharp teeth.
Your natural rate of healing is unusually fast.
When hurt, damage is shared between your health and your magic reserves.
Your bite disrupts and absorbs the magic of your enemies.
Potions cannot restore your health.


   Skills:
 - Level 7.0 Fighting
 - Level 1.5 Dodging
 + Level 7.7 Unarmed Combat
 + Level 7.3 Shapeshifting


You had 8 spell levels left.
You didn't know any spells.
Your spell library contained the following spells:

 Spells                   Type           Power      Damage    Failure   Level
 Magic Dart               Conj           0%         1d3       36%         1
 Sandblast                Erth           0%         2d4       36%         1
 Blink                    Tloc           0%         N/A       50%         2
 Call Imp                 Summ           0%         N/A       50%         2
 Dazzling Flash           Conj/Hex       0%         N/A       75%         3
 Passwall                 Erth           0%         N/A       75%         3
 Stone Arrow              Conj/Erth      0%         3d7       75%         3
 Volatile Blastmotes      Fire/Tloc      0%         2d10      75%         3
 Brom's Barrelling Bould  Conj/Erth      0%         2d3       98%         4
 Starburst                Conj/Fire      0%         6d3       100%        6
 Maxwell's Capacitive Co  Air            0%         ∞         100%        8

Inventory:

Hand Weapons
 a - a +2 dagger of venom (melded)
 b - a +2 dagger of holy wrath
Missiles
 p - 8 atropa-tipped darts (quivered)
Armour
 f - a +0 ring mail (melded)
 k - a +0 robe of resistance
 q - a +0 pair of gloves (worn)
 y - a +2 leather armour of poison resistance
Magical Staves
 s - a staff of earth {!a}
Jewellery
 v - a ring of see invisible (left hand)
 C - a ring of protection from cold (right hand)
 I - a +6 ring of intelligence
Talismans
 c - a beast talisman
 d - a flux talisman (active)
 t - a dragon-blood talisman
Wands
 w - a wand of polymorph (6)
 A - a wand of roots (6)
Scrolls
 g - a scroll of fog {unknown}
 h - 2 scrolls of teleportation {unknown}
 j - a scroll of amnesia {unknown}
 l - 2 scrolls of immolation {unknown}
 n - a scroll of noise {unknown}
 o - 2 scrolls of poison {unknown}
 z - a scroll of vulnerability {unknown}
Potions
 e - 2 potions of mutation
 i - a potion of haste {@q3}
 m - a potion of magic
 r - a potion of attraction
 u - 3 potions of enlightenment
 x - a potion of heal wounds {unknown}
 B - 2 potions of curing {@q1}

Dungeon Overview and Level Annotations

Branches:
Dungeon (7/15)             Temple (1/1) D:5

Altars:
Ashenzari
Cheibriados
Dithmenos
Elyvilon
Fedhas
Gozag
Hepliaklqana
Kikubaaqudgha
Nemelex Xobeh
Okawaru
Qazlal
Ru
Sif Muna
Trog
Uskayaw
Wu Jian
Xom
Zin
The Shining One

Shops:
D:6 :

Annotations:
D:7 Joseph

▓.......▓ ▓.▓▓▓▓▓▓▓▓▓▓▓▓▓.▓▓.
▓.......▓▓▓▓▓.....<.........▓▓.
▓......................▓▓▓▓▓▓▓.
▓..)........▓▓▓▓▓▓.....▓▓▓ ▓▓..
▓.......▓▓▓.▓▓...........▓▓▓...
▓.▓▓▓▓▓▓▓ ▓.▓▓.▓▓▓....[▓.......
▓.▓ ▓.▓▓.▓ ▓.....▓▓▓▓▓..▓ ▓.▓
▓.▓▓@▓ ▓▓▓.▓▓▓ ▓▓..▓ ▓.▓
▓▓▓▓▓▓▓.▓▓p▓ ▓.▓ ▓...▓ ▓.▓
▓.......▓▓.▓ ▓.▓ ▓.▓.▓ ▓)▓
▓.▓▓▓▓▓▓▓▓.▓ ▓.▓ ▓.... ▓.▓ ▓.▓
▓.▓ ▓.▓ ▓.▓▓▓ ▓▓.▓▓▓.▓ ▓.▓▓ ▓.▓
▓.▓ ▓ ▓...▓▓.▓ ▓..▓ ▓.▓ ▓.▓▓▓
▓▓...▓▓.▓ ▓▓.▓ ▓.▓ ▓....
........▓▓▓▓▓▓▓▓▓.▓ ▓.▓▓▓
..................▓▓ ▓.▓


You could see Joseph (heavy contam).


Message History

Joseph shoots a sling bullet.
The sling bullet misses you.
Joseph unwields a +3 sling of draining.
Joseph wields a +0 quarterstaff.
Joseph hits you with a +0 quarterstaff!!
* * * LOW HITPOINT WARNING * * *
You are too injured to fight recklessly!
You are too injured to fight recklessly!
You are too injured to fight recklessly!
You are too injured to fight recklessly!
You are too injured to fight recklessly!
You are too injured to fight recklessly!
You are too injured to fight recklessly!
You are too injured to fight recklessly!
You are too injured to fight recklessly!
You are too injured to fight recklessly!
You are too injured to fight recklessly!
You are too injured to fight recklessly!
You are too injured to fight recklessly!
You are too injured to fight recklessly!
You are too injured to fight recklessly!
You are too injured to fight recklessly!
You are too injured to fight recklessly!
Unknown command.
You hit Joseph.
Joseph begins to glow.
Joseph is lightly wounded.
Joseph barely misses you.
You hit Joseph.
Joseph glows dangerously bright.
Joseph is lightly wounded.
Joseph hits you with a +0 quarterstaff!!
You die...
Your body crumbles into a pile of gold.

Skill      XL: |  1  2  3  4  5  6  7  8  9 |
---------------+----------------------------+-----
Fighting       | 1 2 3 4 5 6 7 |  7.0
Shapeshifting  | 4 5 6 7 |  7.3
Unarmed Combat | 4 5 7 |  7.7
Dodging        | |  1.5

Action                     |  1- 3 |  4- 6 |  7- 9 || total
---------------------------+-------+-------+-------++-------
  Melee: Unarmed           |    10 |       |   210 ||   220
         Bite              |    17 |    20 |   113 ||   150
         Dagger            |    51 |    64 |   116 ||   231
         Punch             |     1 |     1 |     6 ||     8
    Use: Scroll            |       |       |     5 ||     5
         Potion            |       |       |     3 ||     3
   Stab: Sleeping          |     1 |       |       ||     1
 Armour: Animal skin       |     3 |       |       ||     3
         Ring mail         |    29 |    30 |    69 ||   128
         Skin              |       |       |   116 ||   116
  Dodge: Dodged            |    34 |    33 |   181 ||   248
   Form: Flux              |       |       |     1 ||     1

Levels and vault maps discovered:
D:1:      lightli_arrival_flooded_house, layout_loops_ring,
          hangedman_decor_growths
D:2:      minmay_chambers_of_twos, layout_loops_ring, uniq_jessica
D:3:      layout_rooms, gammafunk_temple_overflow_statue,
          nicolae_overflow_hidden_temple, uniq_natasha, uniq_sigmund
D:4:      layout_loops_corners, minmay_crystal_room
D:5:      layout_layer_cave, minmay_temple_entry_glassed_door,
          kennysheep_pointless_box
D:6:      layout_loops_cross, serial_shops, kennysheep_mini_moat
D:7:      layout_loops_ring, uniq_joseph, uniq_jeremiah
Temple:   kb_temple_of_zot

Notes
Turn   | Place    | Note
-------+----------+-------------------------------------------
     0 | D:1      | Thornthrall the Vine Stalker Shapeshifter began the quest
                  | for the Orb.
     0 | D:1      | Reached XP level 1. HP: 9/9 MP: 2/2
    22 | D:1      | Reached skill level 1 in Fighting
   144 | D:1      | Reached XP level 2. HP: 12/15 MP: 3/3
   201 | D:1      | Reached skill level 2 in Fighting
   820 | D:2      | Reached XP level 3. HP: 18/18 MP: 4/4
  1043 | D:2      | Reached XP level 4. HP: 23/23 MP: 5/5
  1389 | D:2      | Identified a +0 robe of resistance
  1389 | D:2      | Noticed Jessica
  1394 | D:2      | Killed Jessica
  1395 | D:2      | Reached skill level 3 in Fighting
  1395 | D:2      | Reached skill level 4 in Shapeshifting
  1542 | D:3      | Noticed Natasha
  1549 | D:3      | Killed Natasha
  1550 | D:3      | Reached XP level 5. HP: 25/28 MP: 6/6
  1591 | D:3      | Noticed Natasha
  1598 | D:3      | Killed Natasha
  1646 | D:3      | Noticed Natasha
  1654 | D:3      | Killed Natasha
  1688 | D:3      | Noticed Sigmund
  1702 | D:3      | Killed Sigmund
  1703 | D:3      | Reached skill level 4 in Fighting
  1703 | D:3      | Reached skill level 5 in Shapeshifting
  1703 | D:3      | Reached XP level 6. HP: 34/34 MP: 7/7
  1760 | D:3      | Found a hazy altar of Hepliaklqana.
  1917 | D:3      | Found a shimmering altar of Xom.
  1917 | D:3      | Found a bloodstained altar of Trog.
  1955 | D:4      | Reached XP level 7. HP: 37/38 MP: 5/8
  2052 | D:4      | Reached skill level 5 in Fighting
  2936 | D:5      | Entered Level 5 of the Dungeon
  3018 | D:4      | Reached skill level 6 in Shapeshifting
  3086 | D:5      | Reached skill level 4 in Unarmed Combat
  3332 | D:5      | Gained mutation: You have razor-sharp teeth. [Vine Stalker
                  | growth]
  3332 | D:5      | Reached XP level 8. HP: 41/43 MP: 9/9
  3370 | D:5      | Found a staircase to the Ecumenical Temple.
  3380 | Temple   | Entered the Ecumenical Temple
  3402 | Temple   | Became a worshipper of Gozag Ym Sagoz the Greedy
  4408 | D:5      | Reached skill level 7 in Shapeshifting
  4854 | D:5      | HP: 3/43 [killer bee (5)]
  5478 | D:6      | Found Aleogh's Book Shop.
  5766 | D:6      | Reached skill level 5 in Unarmed Combat
  5877 | D:6      | Reached skill level 6 in Fighting
  5943 | D:6      | HP: 4/44 [orc priest/+0 falchion (3)]
  5956 | D:6      | HP: 3/44 [orc priest/+0 falchion (6)]
  6136 | D:6      | Reached XP level 9. HP: 35/49 MP: 10/10
  6298 | D:6      | Reached skill level 6 in Unarmed Combat
  6614 | D:7      | Noticed Jeremiah
  6669 | D:7      | Killed Jeremiah
  6670 | D:7      | Reached skill level 7 in Fighting
  6767 | D:7      | Reached skill level 7 in Unarmed Combat
  7203 | D:7      | Noticed Joseph
  7211 | D:7      | Slain by Joseph

Vanquished Creatures
  Jeremiah (D:7)
  Sigmund (D:3)
  A sky beast (D:7)
  An ice beast (D:6)
  3 ogres
  A centaur (D:7)
  2 phantoms (D:4)
  A kobold brigand (D:7)
  A bullfrog (D:7)
  A scorpion (D:6)
  4 killer bees
  2 bombardier beetles (D:5)
  5 hounds
  5 orc priests
  4 jellies
  A gnoll bouda (D:6)
  Jessica (D:2)
  2 sleepcaps (D:5)
  An iguana (D:5)
  5 orc wizards
  Natasha (thrice) (D:3)
  3 gnolls (D:6)
  9 adders
  A shadow imp (D:7)
  A white imp (D:6)
  2 ufetubi (D:7)
  3 dart slugs
  2 ribbon worms (D:2)
  28 orcs
  7 bats
  9 endoplasms
  3 giant cockroaches
  6 goblins
  9 hobgoblins
  3 jackals (D:1)
  A quokka (D:3)
  4 ball pythons
  5 frilled lizards
  15 kobolds
  4 rats
161 creatures vanquished.

Table legend: (Time is in decaauts)
 A = Elapsed time spent in this place.
 B = Non-inter-level travel time spent in this place.
 C = Inter-level travel time spent in this place.
 D = Time resting spent in this place.
 E = Time spent auto-exploring this place.
 F = Levels seen in this place.
 G = Mean time per level.
                   A        B        C        D        E       F      G
               +--------+--------+--------+--------+--------+-----+--------+
         Total |   7196 |   6635 |    561 |    914 |   4611 |   8 |  899.5 |
       Dungeon |   7151 |   6633 |    518 |    914 |   4611 |   7 | 1021.6 |
        Temple |     44 |      1 |     43 |      0 |      0 |   1 |   44.0 |
               +--------+--------+--------+--------+--------+-----+--------+

Top non-repeatable levels by time:
     D:5: 2060 daAuts
     D:6: 1294 daAuts
     D:4: 1110 daAuts
     D:1: 804 daAuts
     D:2: 736 daAuts
     D:7: 730 daAuts
     D:3: 414 daAuts
  Temple: 44 daAuts

Table legend:
 A = Non-vault XP
 B = Vault XP
 C = Vault XP percentage of total XP
 D = Non-vault monster count
 E = Vault monster count
 F = Vault count percentage of total count
                 A         B        C        D         E       F
            +---------+---------+-------+---------+---------+-------
      Total |    2934 |     722 |  19.7 |     149 |      12 |   7.5
            +---------+---------+-------+---------+---------+-------
        D:1 |      33 |       0 |   0.0 |      21 |       0 |   0.0
        D:2 |      50 |      67 |  57.3 |      21 |       9 |  30.0
        D:3 |     109 |     261 |  70.5 |      12 |       2 |  14.3
        D:4 |     406 |       0 |   0.0 |      21 |       0 |   0.0
        D:5 |     663 |       0 |   0.0 |      21 |       0 |   0.0
        D:6 |     944 |       0 |   0.0 |      29 |       0 |   0.0
        D:7 |     729 |     394 |  35.1 |      24 |       1 |   4.0
            +---------+---------+-------+---------+---------+-------
